 Dungeon Crawl Stone Soup version 0.27-a0-1273-gec92ba881d (webtiles) character file.

Game seed: 8569477223438175200

637 bobarctor the Thaumaturge (level 7, -3/37 HPs)
             Began as a Deep Elf Necromancer on June 11, 2021.
             Slain by a hornet zombie (7 damage)
             ... on level 5 of the Dungeon.
             The game lasted 00:18:54 (5988 turns).

bobarctor the Thaumaturge (Deep Elf Necromancer)    Turns: 5988, Time: 00:18:54

Health: -3/37      AC:  5    Str:  5    XL:     7   Next: 25%
Magic:  20/21      EV: 12    Int: 22    God:
Gold:   203        SH:  0    Dex: 15    Spells: 7/23 levels left

rFire    . . .     SeeInvis .   l - +2 flail (protect)
rCold    . . .     Faith    .   (no shield)
rNeg     . . .     Spirit   .   a - +0 robe
rPois    .         Reflect  .   z - +0 helmet
rElec    .         Harm     .   y - +0 cloak
rCorr    .         Rampage  .   s - +0 pair of gloves
Will     .....                  (no boots)
Stlth    ++........             (no amulet)
HPRegen  0.12/turn              (no ring)
MPRegen  0.17/turn              (no ring)

@: no status effects
A: no striking features
a: no special abilities


You were on level 5 of the Dungeon.
You visited 1 branch of the dungeon, and saw 5 of its levels.
You also visited: Sewer.

You collected 203 gold pieces.

Inventory:

Hand Weapons
 b - a +2 dagger of speed
 d - a +2 quarterstaff of draining
 l - a +2 flail of protection (weapon)
 w - a +3 hand axe
Missiles
 c - 23 poisoned darts
 h - 47 bolts
 i - 43 stones (quivered)
 t - 24 arrows
 I - 2 boomerangs
Armour
 a - a +0 robe (worn)
 s - a +0 pair of gloves (worn)
 y - a +0 cloak (worn)
 z - a +0 helmet (worn)
Magical Staves
 j - a staff of death
Jewellery
 G - a ring of poison resistance
Wands
 u - a wand of charming (9)
Scrolls
 n - a scroll of fog {unknown}
 o - 5 scrolls of teleportation
 p - 2 scrolls of fear {unknown}
 r - a scroll of noise {unknown}
 x - a scroll of summoning {unknown}
 A - 2 scrolls of enchant armour {unknown}
 B - a scroll of magic mapping {unknown}
 D - a scroll of enchant weapon {unknown}
 E - 3 scrolls of vulnerability {unknown}
 H - a scroll of amnesia {unknown}
Potions
 e - 2 potions of resistance {unknown}
 f - 2 potions of flight
 g - a potion of brilliance
 k - 2 potions of mutation {unknown}
 m - 2 potions of might {unknown}
 q - 4 potions of degeneration {unknown}
 v - a potion of invisibility {unknown}
 C - a potion of curing {unknown}
 F - a potion of heal wounds {unknown}


   Skills:
 + Level 0.7 Fighting
 + Level 0.2 Maces & Flails
 + Level 2.6 Dodging
 + Level 3.4 Stealth
 * Level 8.5 Spellcasting
 + Level 7.0 Necromancy


You had 7 spell levels left.
You knew the following spells:

 Your Spells              Type           Power      Damage    Failure   Level
a - Pain                  Necr           100%       1d9       1%          1
b - Animate Skeleton      Necr           80%        N/A       1%          1
c - Vampiric Draining     Necr           20%        2d8       1%          3
d - Animate Dead          Necr           20%        N/A       3%          4
e - Agony                 Necr           40%        N/A       11%         5
f - Apportation           Tloc           18%        N/A       7%          1
g - Summon Small Mammal   Summ           36%        N/A       7%          1

Your spell library contained the following spells:

 Spells                   Type           Power      Damage    Failure   Level
 Corona                   Hex            10%        N/A       7%          1


Dungeon Overview and Level Annotations

Branches:
Dungeon (5/15)              Sewer (visited)
 Temple: D:4-7

Altars:


Message History

The hornet zombie is lightly damaged.
The hornet zombie barely misses you.
You hit the hornet zombie.
The hornet zombie is moderately damaged.
The hornet zombie hits you.
The hornet zombie hits you but does no damage.
You sock the hornet zombie!
The hornet zombie is moderately damaged.
The hornet zombie hits you. x2
You hit the hornet zombie but do no damage.
The hornet zombie is moderately damaged.
The hornet zombie hits you but does no damage.
The hornet zombie hits you.
Casting: Pain (safe; 1% risk of failure)
Confirm with . or Enter, or press ? or * to list all spells.
The hornet zombie hits you but does no damage.
Casting: Summon Small Mammal (safe; 7% risk of failure)
Confirm with . or Enter, or press ? or * to list all spells.
The hornet zombie hits you but does no damage.
Your bat hits the hornet zombie but does no damage.
The hornet zombie hits you but does no damage.
Your rat bites the hornet zombie but does no damage.
You completely miss the hornet zombie.
The hornet zombie is moderately damaged.
Your bat barely misses the hornet zombie.
The hornet zombie hits you!
* * * LOW HITPOINT WARNING * * *
Your rat bites the hornet zombie but does no damage.
The hornet zombie hits you!
* * * LOW HITPOINT WARNING * * *
Your bat barely misses the hornet zombie.
You barely miss the hornet zombie.
The hornet zombie is moderately damaged.
Your bat closely misses the hornet zombie.
Your rat closely misses the hornet zombie.
The hornet zombie closely misses you. The hornet zombie closely misses you.
Your bat hits the hornet zombie but does no damage.
The hornet zombie hits you!
You die...

o### #########....#..#.#
...#####....)............##
..[....#..)...............#
.....................b....#
.........)........##.#...##
###.........)....###....##
.?...#.......#...#.b....#
##..........##.##..r.#.##
...###..........@Z#..#.###
.####..........).........##
......).<.................##
...........................#
...........................#
.....#.....................#
......#...##...............#
..........###..............#
.......##.###.............##


You could see a hornet zombie (ally target), a friendly bat (summoned) and a
friendly rat (summoned).

Vanquished Creatures
  An ogre (D:5)
  2 scorpions
  An orc priest (D:5)
  2 hounds
  A bullfrog skeleton (D:5)
  An iguana (D:5)
  Terence (D:2)
  2 orc wizards
  3 gnolls
  7 adders
  A shadow imp (D:5)
  An ufetubus (D:4)
  An adder skeleton (D:4)
  2 dart slugs (D:1)
  6 worms
  9 orcs
  5 ball pythons
  6 bats
  3 endoplasms
  6 giant cockroaches
  19 jackals
  A quokka (D:3)
  3 frilled lizards
  2 kobolds (D:3)
  A rat (D:1)
87 creatures vanquished.

Notes
Turn   | Place    | Note
-------+----------+-------------------------------------------
     0 | D:1      | bobarctor the Deep Elf Necromancer began the quest for the
                  | Orb.
     0 | D:1      | Reached XP level 1. HP: 10/10 MP: 6/6
    98 | D:1      | Reached skill level 5 in Necromancy
   476 | D:1      | Reached XP level 2. HP: 7/15 MP: 2/8
   660 | D:1      | Learned a level 1 spell: Animate Skeleton
  1427 | D:2      | Reached XP level 3. HP: 17/19 MP: 7/10
  1469 | D:2      | Found a faded altar of an unknown god.
  1489 | D:2      | Reached skill level 4 in Spellcasting
  1543 | D:2      | Noticed Terence
  1573 | D:2      | Killed Terence
  1797 | D:3      | Noticed a scorpion
  1890 | D:3      | Reached XP level 4. HP: 20/24 MP: 8/12
  1912 | D:2      | Reached skill level 5 in Spellcasting
  1916 | D:2      | Learned a level 3 spell: Vampiric Draining
  1921 | D:2      | Learned a level 4 spell: Animate Dead
  2210 | D:3      | Killed a scorpion
  2211 | D:3      | Reached XP level 5. HP: 28/28 MP: 8/15
  2223 | D:3      | Found a glowing drain.
  2254 | D:3      | Reached skill level 6 in Spellcasting
  2275 | Sewer    | Entered a sewer
  2637 | Sewer    | Learned a level 5 spell: Agony
  3820 | D:3      | Reached XP level 6. HP: 29/32 MP: 13/17
  4265 | D:4      | Reached skill level 7 in Spellcasting
  5190 | D:5      | Entered Level 5 of the Dungeon
  5290 | D:5      | Learned a level 1 spell: Apportation
  5487 | D:5      | Reached skill level 8 in Spellcasting
  5487 | D:5      | Reached XP level 7. HP: 37/37 MP: 13/20
  5974 | D:5      | Learned a level 1 spell: Summon Small Mammal
  5988 | D:5      | Slain by a hornet zombie

Illustrated notes

Levels and vault maps discovered:
D:1:      zelgadis_glass_arrival_small, layout_basic
D:2:      layout_basic, ebering_ecumenical_altar_abandoned, uniq_terence
D:3:      layout_rooms, gup_sewer_entry_glass
D:4:      layout_loops_ring
D:5:      layout_rooms, kennysheep_generic_room_5

Skill      XL: |  1  2  3  4  5  6  7 |
---------------+----------------------+-----
Necromancy     | 5 6 7 |  7.0
Spellcasting   | 4 5 6 8 |  8.5
Stealth        | 3 |  3.4
Fighting       | |  0.7
Maces & Flails | |  0.2
Dodging        | |  2.6

Action                   |  1- 3 |  4- 6 |  7- 9 || total
-------------------------+-------+-------+-------++-------
Melee: Quarterstaff      |     3 |       |       ||     3
       Flail             |       |    31 |    16 ||    47
Throw: Dart              |     3 |     9 |       ||    12
       Stone             |       |       |     3 ||     3
 Cast: Pain              |    41 |    96 |    16 ||   153
       Vampiric Draining |       |    26 |       ||    26
       Summon Small Mamm |       |       |     2 ||     2
  Use: Scroll            |     3 |     1 |       ||     4
       Potion            |       |     1 |       ||     1
 Stab: Sleeping          |       |     1 |       ||     1
Armor: Robe              |     2 |    29 |     7 ||    38
Dodge: Dodged            |     4 |    58 |    12 ||    74

Table legend: (Time is in decaauts)
 A = Elapsed time spent in this place.
 B = Non-inter-level travel time spent in this place.
 C = Inter-level travel time spent in this place.
 D = Time resting spent in this place.
 E = Time spent auto-exploring this place.
 F = Levels seen in this place.
 G = Mean time per level.
                   A        B        C        D        E       F      G
               +--------+--------+--------+--------+--------+-----+--------+
         Total |   6266 |   6004 |    262 |   2053 |   2554 |   6 | 1044.3 |
       Dungeon |   4649 |   4387 |    262 |   1561 |   2155 |   5 |  929.8 |
         Sewer |   1616 |   1616 |      0 |    492 |    399 |   1 | 1616.0 |
               +--------+--------+--------+--------+--------+-----+--------+

Top non-repeatable levels by time:
   Sewer: 1616 daAuts
     D:4: 1198 daAuts
     D:1: 1113 daAuts
     D:2: 938 daAuts
     D:3: 764 daAuts
     D:5: 634 daAuts
